 Dungeon Crawl Stone Soup version 0.30-a0-297-g0ec75d9ef4 (webtiles) character file.

Game seed: 12850485173102591568

84 DEFE the Magician (level 4, -1/32 HPs)
             Began as a Djinni Hexslinger on Oct 18, 2022.
             Slain by a gnoll
             ... wielding a +0 halberd
              (11 damage)
             ... on level 3 of the Dungeon.
             The game lasted 00:02:05 (1673 turns).

DEFE the Magician (Djinni Hexslinger)               Turns: 1673, Time: 00:02:06

Health: -1/32      AC:  3    Str:  9    XL:     4   Next: 74%
Gold:   103        EV: 12    Int: 17    God:
                   SH:  0    Dex: 13

rFire   + + .      SeeInvis .    a - +1 sling
rCold   x . .      Faith    .    (no shield)
rNeg    . . .      Spirit   .    c - +0 robe
rPois   ∞          Reflect  .    (no helmet)
rElec   .          Harm     .    o - +0 cloak
rCorr   .          Rampage  .    (no gloves)
Will    .....                    (boots unavailable)
Stlth   +.........               (no amulet)
HPRegen 0.25/turn                (no ring)
MPRegen 0.00/turn                (no ring)

@: about to teleport, flying
A: sickness immunity, fire resistance 2, cold vulnerability 1, float, innate
caster, HP casting, extra vitality 1
a: no special abilities


You were on level 3 of the Dungeon.
You visited 1 branch of the dungeon, and saw 3 of its levels.

You collected 103 gold pieces.

Inventory:

Hand Weapons
 a - a +1 sling (weapon)
Missiles
 e - 7 poisoned darts
Armour
 c - a +0 robe (worn)
 o - a +0 cloak (worn)
Scrolls
 b - a scroll of poison
 d - a scroll of teleportation
 f - a scroll of enchant weapon {unknown}
 h - 2 scrolls of blinking {unknown}
 j - a scroll of magic mapping {unknown}
 k - 3 scrolls of amnesia
 l - a scroll of enchant armour {unknown}
 m - a scroll of identify
Potions
 g - a potion of degeneration {unknown}
 i - 3 potions of curing
 n - a potion of berserk rage {unknown}
 p - a potion of attraction {unknown}


   Skills:
 - Level 1.0 Fighting
 + Level 2.8 Ranged Weapons
 - Level 2.1 Dodging
 + Level 3.3 Spellcasting


You couldn't memorise any spells.
You knew the following spells:

 Your Spells              Type           Power      Damage    Failure   Level
a - Freeze                Ice            56%        1d7       4%          1
b - Inner Flame           Hex/Fire       14%        N/A       13%         3
c - Portal Projectile     Hex/Tloc       28%        N/A       13%         3
d - Cause Fear            Hex            7%         N/A       41%         4
e - Slow                  Hex            56%        N/A       4%          1
Your spell library was empty.

Dungeon Overview and Level Annotations

Branches:
Dungeon (3/15)

Altars:


Innate Abilities, Weirdness & Mutations

You are immune to sickness and miasma.
You are immune to poison.
Your flesh is very heat resistant. (rF++)
You are vulnerable to cold. (rC-)
You float through the air rather than walking.
You learn spells naturally, not from books.
Your magical power is your life essence.
You have superior vitality. (+4 MHP)


Message History

You shoot a sling bullet. The sling bullet hits the hobgoblin.
You kill the hobgoblin!
No target in view!
p - a ruby potion Health restored: 32
Found a stone staircase leading up.
No target in view!
No target in view!
No target in view!
A rat and 4 gnolls come into view.
The gnoll shouts! x3
There are monsters nearby!
You shoot a sling bullet.
The sling bullet closely misses the gnoll.
The gnoll shouts!
The sling bullet hits the rat!
You kill the rat!
You shoot a sling bullet.
The sling bullet hits the gnoll but does no damage.
The gnoll barely misses you.
Unknown command.
The gnoll attacks as you move away! The gnoll closely misses you.
The gnoll attacks as you move away! The gnoll hits you with a +0 flail.
You take 5 damage, and have 27/32 hp.
Aim: a gnoll, wielding a +0 flail You freeze the gnoll.
The gnoll hits you with a +0 flail!
You take 7 damage, and have 20/32 hp.
MASSIVE DAMAGE!!
Aim: a gnoll, wielding a +0 flail (heavily wounded)
You freeze the gnoll!
The gnoll hits you from afar with a +0 halberd!
The gnoll barely misses you. The gnoll hits you but does no damage.
You take 10 damage, and have 10/32 hp.
MASSIVE DAMAGE!!
Unknown command.
As you read the scroll of teleportation, it crumbles to dust.
You feel strangely unstable. The gnoll misses you.
The gnoll hits you from afar with a +0 halberd!
You die...

#.###.###
#####.##.....
######.........#.#
#......#.......#..
#.###............<
#.# #.#...........
#.# #.####........
#.# #.# #.....#..
#@# #.####.....#.#
###g###.......####..
#..gg...# ###
#..g<...# #
#..#......... ###
#..###........ +..
##. .......?. ### #.
....#.... #.
.....##!..


You could see 4 gnolls.

Vanquished Creatures
  An adder (D:2)
  3 worms (D:2)
  4 dart slugs (D:1)
  An orc (D:3)
  5 endoplasms
  A giant cockroach (D:1)
  5 goblins
  5 hobgoblins
  6 jackals (D:1)
  2 quokkas
  2 ball pythons (D:1)
  3 bats
  A frilled lizard (D:1)
  8 kobolds
  9 rats
56 creatures vanquished.

Notes
Turn   | Place    | Note
-------+----------+-------------------------------------------
     0 | D:1      | DEFE the Djinni Hexslinger began the quest for the Orb.
     0 | D:1      | DEFE set off with the following spells memorised: Slow,
                  | Inner Flame, Portal Projectile, Cause Fear.
     0 | D:1      | Reached XP level 1. HP: 17/17 MP: 0/0
    74 | D:1      | Reached XP level 2. HP: 22/22 MP: 0/0
   354 | D:1      | Reached XP level 3. HP: 27/27 MP: 0/0
   354 | D:1      | Learned a level 1 spell: Freeze
   574 | D:1      | Reached skill level 3 in Spellcasting
   918 | D:2      | Reached XP level 4. HP: 32/32 MP: 0/0
  1673 | D:3      | Slain by a gnoll

Illustrated notes

Levels and vault maps discovered:
D:1:      mrwooster_arrival_statue_3, layout_basic
D:2:      layout_rooms
D:3:      layout_loops_corners

Skill      XL: |  1  2  3 |
---------------+----------+-----
Ranged Weapons | 2 |  2.8
Spellcasting   | 3 |  3.3
Fighting       | |  1.0
Dodging        | |  2.1

Action                   |  1- 3 |  4- 6 || total
-------------------------+-------+-------++-------
 Fire: Sling             |    96 |    56 ||   152
 Cast: Freeze            |     7 |     9 ||    16
       Slow              |     2 |       ||     2
  Use: Scroll            |       |     4 ||     4
Armor: Robe              |     6 |     1 ||     7
Dodge: Dodged            |    30 |    17 ||    47

Table legend: (Time is in decaauts)
 A = Elapsed time spent in this place.
 B = Non-inter-level travel time spent in this place.
 C = Inter-level travel time spent in this place.
 D = Time resting spent in this place.
 E = Time spent auto-exploring this place.
 F = Levels seen in this place.
 G = Mean time per level.
                   A        B        C        D        E       F      G
               +--------+--------+--------+--------+--------+-----+--------+
         Total |   1715 |   1686 |     29 |     98 |   1269 |   3 |  571.7 |
       Dungeon |   1715 |   1686 |     29 |     98 |   1269 |   3 |  571.7 |
               +--------+--------+--------+--------+--------+-----+--------+

Top non-repeatable levels by time:
     D:1: 928 daAuts
     D:2: 520 daAuts
     D:3: 265 daAuts
